Map: 2000 Atmospheres LE

Players

A.I. 1 (Very Easy)

  • Race: Zerg Zerg
  • Spawn Location: 3:00

IIIIIIIIIIII - Winner!

  • Race: Zerg Zerg
  • League: Master
  • Spawn Location: 7:00

VOD

Have the link to the VOD?

Description

Time

  • Played on: May 19, 2022, 8:44 p.m.
  • Length: 6:54
Show
View Real Time Build Order
Export as new Build Order

A.I. 1 (Very Easy) Zerg 

Build Orders: Pool Only 

Get SALT Encoding   

  12  0:01  Drone  
  13  0:12  Overlord  
  13  0:16  Drone  
  14  0:35  Spawning Pool  
  14  0:37  Extractor  
  14  0:39  Drone  
  13  0:47  Drone  
  14  0:53  Overlord  
  14  1:22  Queen  
  14  1:23  Zergling x2  
  17  1:32  Roach Warren  
  16  1:36  Drone  
  17  1:41  Extractor  
  17  1:45  Drone  
  17  1:52  Zergling x2  
  18  2:04  Drone  
  19  2:11  Drone  
  20  2:19  Drone  
  20  2:22  Zergling x2  
  22  2:29  Overlord  
  22  2:35  Drone  
  23  2:42  Drone  
  24  2:49  Drone  
  27  2:51  Roach  
  27  6:06  Zergling x2  
  25  6:26  Drone  
  8  6:33  Drone  
  8  6:34  Zergling x2  
  4  6:40  Drone  
Show
View Real Time Build Order
Export as new Build Order

IIIIIIIIIIII Zerg - Winner!

Build Orders: Hatch First 

Get SALT Encoding   

  12  0:00  Drone  
  13  0:08  Drone  
  14  0:33  Hatchery  
  13  0:37  Drone  
  13  0:42  Extractor  
  13  0:43  Drone  
  15  0:58  Spawning Pool  
  15  1:02  Drone, Extractor  
  14  1:07  Extractor  
  14  1:08  Drone  
  16  1:13  Overlord  
  16  1:31  Drone x2  
  18  1:34  Drone  
  19  1:44  Queen  
  19  1:45  Queen  
  19  1:46  Drone  
  24  1:49  Drone  
  25  1:56  Drone  
  25  1:57  Overlord  
  26  2:06  Drone  
  28  2:08  Drone  
  28  2:20  Queen x2  
  32  2:24  Drone  
  32  2:25  Drone  
  32  2:29  Drone x2  
  36  2:38  Overlord  
  36  2:41  Overlord  
  36  2:46  Extractor  
  36  2:47  Extractor  
  34  2:54  Drone x2  
  34  2:56  Queen x2  
  40  3:00  Drone x3  
  40  3:01  Drone  
  44  3:14  Drone  
  44  3:15  Drone x3  
  48  3:20  Overlord  
  48  3:31  Metabolic Boost  
  48  3:38  Spore Crawler  
  48  3:40  Spore Crawler  
  46  3:44  Drone x2, Hatchery  
  46  3:45  Drone x2  
  46  3:46  Drone  
  50  3:51  Lair  
  50  4:01  Drone  
  51  4:03  Spine Crawler, Zergling x6  
  51  4:04  Zergling x2  
  51  4:06  Zergling x2  
  51  4:07  Zergling x2  
  51  4:09  Zergling x2  
  57  4:11  Zergling x2  
  57  4:15  Zergling x4  
  60  4:34  Overlord x2  
  60  4:51  Drone, Hydralisk Den  
  60  5:01  Zergling x26  
  73  5:08  Zergling x2  
  74  5:20  Muscular Augments, Overlord  
  74  5:21  Overlord x2  
  74  5:24  Hydralisk x4  
  82  5:35  Overlord x2  
  82  5:36  Overlord  
  82  5:39  Hydralisk x4  
  90  5:48  Hydralisk  
  92  5:50  Zergling x6  
  92  5:53  Zergling x6  
  92  5:54  Zergling x4  
  100  6:00  Hydralisk  
  100  6:02  Zergling x6  
  100  6:03  Zergling x2  
  106  6:09  Hydralisk  
  109  6:11  Zergling x6  
  109  6:37  Zergling x2  
Tags
 
Add a new tag
Caveats
  • Supply blocks, unpowered buildings, or Contaminate may cause inaccurate times.
  • Supply counts are checked every 10 seconds.